 Dungeon Crawl Stone Soup version 0.23.2-1-ga50397a (webtiles) character file.

Game seed: 1877479795401440678

81 Sinful the Digger (level 4, -7/24 HPs)
             Began as a Gargoyle Earth Elementalist on May 30, 2019.
             Mangled by an ogre
             ... wielding a +0 giant club
              (21 damage)
             ... on level 2 of the Dungeon.
             The game lasted 00:06:39 (2371 turns).

Sinful the Digger (Gargoyle Earth Elementalist)     Turns: 2371, Time: 00:06:40

Health: -7/24      AC:  7    Str: 12    XL:     4   Next: 42%
Magic:  1/8        EV: 12    Int: 16    God:
Gold:   89         SH:  0    Dex: 10    Spells: 5/9 levels left

rFire    . . .     SeeInvis .   u - +1 mace
rCold    . . .     Gourm    .   (no shield)
rNeg     + . .     Faith    .   c - +0 robe
rPois    ∞         Spirit   .   w - +2 hat
rElec    +         Reflect  .   (no cloak)
rCorr    .         Harm     .   (no gloves)
MR       .....                  (no boots)
Stlth    ++........             (no amulet)
HPRegen  0.08/turn              (no ring)
MPRegen  0.11/turn              (no ring)

@: no status effects
A: negative energy resistance 1, electricity resistance, unbreathing,
petrification resistance, rot immunity, AC +3
a: no special abilities


You were on level 2 of the Dungeon.
You were not hungry.

You visited 1 branch of the dungeon, and saw 3 of its levels.

You collected 89 gold pieces.

Inventory:

Hand Weapons
 e - a +0 short sword
 u - a +1 mace (weapon)
Missiles
 b - 102 stones (quivered)
Armour
 c - a +0 robe (worn)
 w - a +2 hat (worn)
Jewellery
 g - an uncursed amulet of rage {unknown}
 j - a cursed ring of attention {unknown}
 n - an uncursed ring of fire {unknown}
Scrolls
 h - a scroll of magic mapping
 l - a scroll of amnesia
Potions
 i - a potion of curing {unknown}
 k - 3 potions of lignification {unknown}
 o - a potion of heal wounds {unknown}
 p - a potion of brilliance {unknown}
 q - a potion of flight {unknown}
 r - 2 potions of berserk rage {unknown}
 t - a potion of cancellation {unknown}
 v - a potion of might {unknown}
Comestibles
 d - 6 rations
 x - 3 chunks of flesh


   Skills:
 - Level 1.5 Dodging
 - Level 2.1 Stealth
 + Level 3.1 Spellcasting
 + Level 1.2 Conjurations
   Level 0.7 Transmutations
 + Level 4.9 Earth Magic


You had 5 spell levels left.
You knew the following spells:

 Your Spells              Type           Power        Failure   Level  Hunger
a - Sandblast             Erth           ###...       2%          1    None
b - Stone Arrow           Conj/Erth      ##....       16%         3    ###....

Your spell library contained the following spells:

 Spells                   Type           Power        Failure   Level  Hunger
 Passwall                 Tmut/Erth      ##......     9%          2    ##.....
 Petrify                  Tmut/Erth      ##......     50%         4    ####...
 Lee's Rapid Deconstruct  Erth           ###.......   56%         5    ######.


Dungeon Overview and Level Annotations

Branches:
Dungeon (3/15)

Altars:


Innate Abilities, Weirdness & Mutations

You are resistant to torment.
Your stone body is resilient. (AC +3)
You are immune to poison.
You resist negative energy. (rN+)
You are resistant to electric shocks. (rElec)
You can survive without breathing.
You are immune to petrification.
You are immune to rotting.


Message History

There is a stone staircase leading down here.
The ogre misses you.
You see here a quarterstaff.
Casting: Stone Arrow (safe; 16% risk of failure)
Confirm with . or Enter, or press ? or * to list all spells.
Aiming: Stone Arrow (safe; 16% risk of failure)
Press: ? - help, Shift-Dir - straight line, f - ogre
Aim: an ogre, wielding a +0 giant club (lightly wounded)
The stone arrow hits the ogre!
The ogre is moderately wounded.
Casting: Stone Arrow (safe; 16% risk of failure)
Confirm with . or Enter, or press ? or * to list all spells.
Aiming: Stone Arrow (safe; 16% risk of failure)
Press: ? - help, Shift-Dir - straight line, f/p - ogre
Aim: an ogre, wielding a +0 giant club (moderately wounded)
The stone arrow hits the ogre!
The ogre is severely wounded.
The ogre hits you with a +0 giant club!!
Ouch! That really hurt!
You die...

###### ########## .....##
#........# ####..# #........#
##.## #########........# #..#
#................#
######.#####...........########
...............O@......'.....>#
###...#..###...........######.#
......#..# #.........>.# #.#
##....#..# #...........# #.#
.........###...........# #.###
.#.#####..##...........# #.#..
...# ##.##########.### #.#..
#### #.## #.# #.#.. # ####..#
#.# #.#..


You could see an ogre.

Vanquished Creatures
  Jessica (D:2)
  2 adders (D:2)
  A worm (D:2)
  A leopard gecko (D:1)
  6 bats
  2 giant cockroaches (D:2)
  6 goblins
  3 hobgoblins
  3 frilled lizards
  6 kobolds
  5 rats (D:1)
36 creatures vanquished.

Notes
Turn   | Place    | Note
-------+----------+-------------------------------------------
     0 | D:1      | Sinful the Gargoyle Earth Elementalist began the quest for
                  | the Orb.
     0 | D:1      | Reached XP level 1. HP: 10/10 MP: 3/3
   270 | D:1      | Reached skill level 4 in Earth Magic
   270 | D:1      | Reached XP level 2. HP: 15/15 MP: 3/5
  1368 | D:2      | Reached XP level 3. HP: 19/19 MP: 3/6
  1532 | D:2      | Learned a level 3 spell: Stone Arrow
  2224 | D:2      | Noticed Jessica
  2227 | D:2      | Killed Jessica
  2227 | D:2      | Reached skill level 1 in Conjurations
  2227 | D:2      | Reached XP level 4. HP: 24/24 MP: 1/8
  2318 | D:3      | Noticed an ogre
  2371 | D:2      | Mangled by an ogre

Skill      XL: |  1  2  3 |
---------------+----------+-----
Earth Magic    | 4 |  4.9
Spellcasting   | 3 |  3.1
Conjurations   | 1 |  1.2
Dodging        | |  1.5
Stealth        | |  2.1
Transmutations | |  0.7

Action                   |  1- 3 |  4- 6 || total
-------------------------+-------+-------++-------
Melee: Short sword       |    37 |       ||    37
 Cast: Sandblast         |    31 |       ||    31
       Stone Arrow       |     3 |     5 ||     8
  Use: Scroll            |       |     7 ||     7
 Stab: Sleeping          |     5 |       ||     5
  Eat: Chunk             |     4 |     1 ||     5
Armor: Robe              |    16 |       ||    16
Dodge: Dodged            |    26 |     1 ||    27
